 Dungeon Crawl Stone Soup version 0.30-a0-1161-g0704695555 (webtiles) character file.

Game seed: 1323699189190813898

2109 lesbiats the Grappler (level 9, -4/88 HPs)
             Began as a Troll Fighter on Apr 27, 2023.
             Was a Believer of Wu Jian.
             Slain by a warg (11 damage)
             ... on level 6 of the Dungeon.
             The game lasted 00:11:18 (4272 turns).

lesbiats the Grappler (Troll Fighter)               Turns: 4272, Time: 00:11:19

Health: -4/88      AC:  4    Str: 26    XL:     9   Next: 7%
Magic:  8/8        EV:  9    Int:  8    God:    Wu Jian [**....]
Gold:   21         SH: 14    Dex:  9    Spells: 8/8 levels left

rFire   . .          .
                       - Unarmed
rCold   . . .        b - +0 kite shield
rNeg    . . .        a - +0 robe
rPois   .            (helmet restricted)
rElec   .            (no cloak)
rCorr   .            (gloves unavailable)
SInv    +            (boots unavailable)
Will    +....        f - amulet of reflection
Stlth   +            x - ring of willpower
HPRegen 1.14/turn    B - ring of see invisible
MPRegen 0.11/turn

%: reflection
@: about to teleport
A: large, unfitting armour, claws 3, regeneration 1, shaggy fur 1, tough skin 1
a: Renounce Religion, Wall Jump


You were on level 6 of the Dungeon.
You worshipped Wu Jian.
Wu Jian was pleased with you.
You visited 2 branches of the dungeon, and saw 7 of its levels.

You collected 297 gold pieces.
You spent 276 gold pieces at shops.

Inventory:

Missiles
 g - 8 javelins
 E - 4 poisoned darts (quivered)
 I - 2 silver boomerangs
Armour
 a - a +0 robe (worn)
 b - a +0 kite shield (worn)
Jewellery
 d - an amulet of the acrobat
 f - an amulet of reflection (around neck)
 x - a ring of willpower (left claw)
 B - a ring of see invisible (right claw)
 F - a ring of magical power
 G - a ring of resist corrosion
Wands
 v - a wand of flame (43)
 H - a wand of iceblast (3)
 L - a wand of acid (10)
Scrolls
 h - 3 scrolls of poison {unknown}
 i - a scroll of vulnerability {unknown}
 j - 3 scrolls of teleportation
 m - 3 scrolls of identify {unknown}
 p - a scroll of amnesia {unknown}
 r - a scroll of summoning {unknown}
 s - a scroll of fog {unknown}
 w - 2 scrolls of immolation {unknown}
 y - a scroll of fear {unknown}
 z - a scroll of enchant armour {unknown}
 A - a scroll of magic mapping {unknown}
 C - 2 scrolls of enchant weapon {unknown}
 D - 2 scrolls of noise {unknown}
Potions
 c - 2 potions of might
 e - 4 potions of haste {unknown}
 k - 5 potions of heal wounds
 l - a potion of ambrosia {unknown}
 n - 2 potions of degeneration {unknown}
 o - 3 potions of lignification {unknown}
 q - a potion of curing
 t - 3 potions of flight
 u - a potion of berserk rage {unknown}
 J - a potion of attraction {unknown}
 K - 2 potions of brilliance {unknown}


   Skills:
 + Level 5.5 Fighting
 + Level 2.5 Dodging
 + Level 6.0 Shields
 * Level 8.7 Unarmed Combat


You had 8 spell levels left.
You didn't know any spells.
Your spell library contained the following spells:

 Spells                   Type           Power      Damage    Failure   Level
 Cigotuvi's Dreadful Rot  Necr/Pois/Air  0%         N/A       77%         2
 Ensorcelled Hibernation  Hex/Ice        0%         N/A       77%         2
 Ignite Poison            Fire/Tmut/Pois 0%         N/A       94%         3
 Spider Form              Tmut/Pois      0%         N/A       94%         3
 Anguish                  Hex/Necr       0%         N/A       100%        4
 Freezing Cloud           Conj/Ice/Air   0%         6-21      100%        5


Dungeon Overview and Level Annotations

Branches:
Dungeon (6/15)             Temple (1/1) D:4

Altars:
Ashenzari
Cheibriados
Dithmenos
Elyvilon
Fedhas
Gozag
Kikubaaqudgha
Makhleb
Nemelex Xobeh
Ru
Sif Muna
Trog
Uskayaw
Vehumet
Wu Jian
Xom
Yredelemnul
The Shining One

Shops:
D:2 !


Innate Abilities, Weirdness & Mutations

You are too large for most types of armour.
You have claws for hands.
Your natural rate of healing is unusually fast.
You are covered in fur. (AC +1)
You have tough skin. (AC +1)


Message History

The hound barely misses you.
You spin and attack the hound.
You closely miss the hound.
You spin and attack the hound.
The howler monkey howls!
You claw the hound!
The hound is heavily wounded.
The hound barely misses you. The hound bites you. The warg bites you!
You block the hound's attack.
You see here a howler monkey corpse.
As you read the scroll of teleportation, it crumbles to dust.
You feel strangely unstable. The hound bites you.
* * * LOW HITPOINT WARNING * * *
You block the warg's attack. The hound bites you.
* * * LOW HITPOINT WARNING * * *
The hound bites you.
* * * LOW HITPOINT WARNING * * *
You spin and attack the hound repeatedly.
You closely miss the hound.
The hound is heavily wounded.
You mangle the hound!!
You kill the hound!
The Council accepts your kill. You block the hound's attack.
The hound bites you.
* * * LOW HITPOINT WARNING * * *
You spin and attack the hound.
You closely miss the hound.
You spin and attack the howler monkey.
You scratch the howler monkey but do no damage.
You spin and attack the hound.
You claw the hound!
The hound is severely wounded.
You spin and attack the warg.
You claw the warg!
The warg is moderately wounded.
The warg bites you!
* * * LOW HITPOINT WARNING * * *
The hound bites you.
* * * LOW HITPOINT WARNING * * *
The hound bites you.
* * * LOW HITPOINT WARNING * * *
The howler monkey hoots and howls with incredible vigour!
The warg bites you!
You die...

########################
......h.h...P...........
......h@h†P.............
~≈~~~~~≈≈~~~~~~~~~~~~~~≈
≈≈≈~≈≈≈≈≈≈≈≈~≈≈≈~≈≈~≈≈≈≈
~~~~~~~~~~~~~~~≈~~#####≈
..................#OoO#≈
###################.O.#≈
#'###≈ .≈≈ .≈≈


You could see a warg, a howler monkey (catching breath) and 2 hounds.

Vanquished Creatures
  Grinder (D:3)
  Menkaure (D:4)
  A warg (D:6)
  Edmund (D:5)
  2 black bears (D:6)
  2 ogres
  A centaur (D:5)
  2 bullfrogs (D:6)
  4 scorpions
  4 howler monkeys (D:6)
  2 gnoll boudas
  4 hounds (D:6)
  3 jellies (D:2)
  3 iguanas
  Ijyb (D:3)
  Terence (D:3)
  8 gnolls
  4 adders
  2 worms
  4 dart slugs
  9 orcs
  4 ball pythons
  2 bats
  14 endoplasms
  6 giant cockroaches
  6 goblins
  4 hobgoblins
  7 jackals
  14 kobolds
  4 quokkas
  3 frilled lizards
  9 rats
133 creatures vanquished.

Vanquished Creatures (others)
  A goblin (D:4)
  A fungus (D:2)
  8 toadstools (D:2)
10 creatures vanquished.

Grand Total: 143 creatures vanquished

Notes
Turn   | Place    | Note
-------+----------+-------------------------------------------
     0 | D:1      | lesbiats the Troll Fighter began the quest for the Orb.
     0 | D:1      | Reached XP level 1. HP: 22/22 MP: 0/0
    65 | D:1      | Reached XP level 2. HP: 29/29 MP: 1/1
   103 | D:1      | Found a faded altar of an unknown god.
   891 | D:2      | Found a shadowy altar of Dithmenos.
   899 | D:2      | Reached XP level 3. HP: 36/36 MP: 2/2
   924 | D:2      | Reached skill level 3 in Unarmed Combat
  1093 | D:2      | Found Teahiw's Distillery.
  1138 | D:2      | Bought a potion of heal wounds for 60 gold pieces
  1138 | D:2      | Bought a potion of curing for 36 gold pieces
  1385 | D:2      | Reached XP level 4. HP: 45/45 MP: 3/3
  1394 | D:2      | Reached skill level 4 in Unarmed Combat
  1394 | D:2      | Reached XP level 5. HP: 34/53 MP: 4/4
  1501 | D:2      | Bought 2 potions of flight for 72 gold pieces
  1611 | D:3      | Found a basalt altar of Yredelemnul.
  1776 | D:3      | Noticed Ijyb
  1789 | D:3      | Killed Ijyb
  1831 | D:3      | Noticed Grinder
  1843 | D:3      | Paralysed by Grinder for 5 turns
  1848 | D:3      | Killed Grinder
  1849 | D:3      | Reached skill level 5 in Unarmed Combat
  1849 | D:3      | Reached XP level 6. HP: 52/62 MP: 5/5
  1852 | D:3      | Noticed Terence
  1858 | D:3      | Killed Terence
  2349 | D:4      | Found a staircase to the Ecumenical Temple.
  2379 | Temple   | Entered the Ecumenical Temple
  2487 | Temple   | Became a worshipper of the Wu Jian Council
  2554 | D:4      | Reached XP level 7. HP: 68/68 MP: 6/6
  2613 | D:4      | Noticed Menkaure
  2771 | D:4      | Found a glowing golden altar of the Shining One.
  2795 | D:4      | Found a shadowy altar of Dithmenos.
  2798 | D:4      | Found an opulent altar of Gozag.
  3039 | D:4      | Killed Menkaure
  3040 | D:4      | Reached skill level 6 in Unarmed Combat
  3081 | D:5      | Entered Level 5 of the Dungeon
  3472 | D:5      | Noticed Edmund
  3486 | D:5      | Killed Edmund
  3487 | D:5      | Reached skill level 5 in Shields
  3487 | D:5      | Reached XP level 8. HP: 70/79 MP: 7/7
  3488 | D:5      | Reached * piety under Wu Jian
  3609 | D:5      | Found an ancient bone altar of Kikubaaqudgha.
  3721 | D:2      | Bought a potion of heal wounds for 60 gold pieces
  3721 | D:2      | Bought a potion of might for 48 gold pieces
  3810 | D:6      | Reached skill level 7 in Unarmed Combat
  3909 | D:6      | Reached skill level 5 in Fighting
  3917 | D:6      | Identified the +1 leather armour of Maorch {+Blink rPois
                  | SInv Stlth+}
  3982 | D:6      | Reached skill level 8 in Unarmed Combat
  4248 | D:6      | Reached XP level 9. HP: 88/88 MP: 8/8
  4262 | D:6      | Reached ** piety under Wu Jian
  4272 | D:6      | Slain by a warg

Illustrated notes

Levels and vault maps discovered:
D:1:      tarquinn_simple_flora_water_c, layout_loops_corners,
          ebering_ecumenical_altar_rust
D:2:      cheibrodos_fertilizer, layout_rooms, serial_shops, shop, basic_altar,
          hangedman_decor_peaks_small
D:3:      layout_basic, yredelemnul_altar_generic, hangedman_feature_mirror,
          nicolae_eternal_life, saegor_snake_ambush, uniq_ijyb, uniq_grinder,
          uniq_terence
D:4:      layout_rooms, minitemple, minmay_temple_entry_large_hall,
          uniq_menkaure
D:5:      layout_basic, old_standard_altar, uniq_edmund
D:6:      lemuel_castle_with_subvaults [lemuel_castle_interior_carwin_1],
          layout_basic, marbit_many_paths
Temple:   hellmonk_temple_forest_ring

Skill      XL: |  1  2  3  4  5  6  7  8  9 |
---------------+----------------------------+-----
Shields        | 3 4 5 6 |  6.0
Unarmed Combat | 3 4 5 6 8 |  8.7
Fighting       | 3 4 5 |  5.5
Dodging        | |  2.5

Action                     |  1- 3 |  4- 6 |  7- 9 || total
---------------------------+-------+-------+-------++-------
  Melee: Unarmed           |   117 |   111 |   142 ||   370
Ability: Lunge             |       |     2 |    15 ||    17
         Whirlwind         |       |       |    13 ||    13
    Use: Scroll            |       |       |     2 ||     2
   Stab: Sleeping          |       |     2 |       ||     2
 Armour: Robe              |    23 |    20 |    16 ||    59
  Dodge: Dodged            |    20 |    21 |    27 ||    68
  Block: Kite shield       |    66 |    54 |   104 ||   224
         Reflection        |     3 |     1 |     2 ||     6

Table legend: (Time is in decaauts)
 A = Elapsed time spent in this place.
 B = Non-inter-level travel time spent in this place.
 C = Inter-level travel time spent in this place.
 D = Time resting spent in this place.
 E = Time spent auto-exploring this place.
 F = Levels seen in this place.
 G = Mean time per level.
                   A        B        C        D        E       F      G
               +--------+--------+--------+--------+--------+-----+--------+
         Total |   4284 |   3902 |    382 |     62 |   2750 |   7 |  612.0 |
       Dungeon |   4168 |   3802 |    366 |     62 |   2661 |   6 |  694.7 |
        Temple |    116 |    100 |     16 |      0 |     89 |   1 |  116.0 |
               +--------+--------+--------+--------+--------+-----+--------+

Top non-repeatable levels by time:
     D:1: 895 daAuts
     D:3: 833 daAuts
     D:4: 691 daAuts
     D:5: 671 daAuts
     D:2: 660 daAuts
     D:6: 416 daAuts
  Temple: 116 daAuts
